 Dungeon Crawl Stone Soup version 0.27.1-4-g1640c2035a (webtiles) character file.

Game seed: 1680628773597693918

142 Stomo444 the Skirmisher (level 5, -12/30 HPs)
             Began as a Vine Stalker Monk on Nov 10, 2021.
             Was a Follower of Ashenzari.
             Mangled by a gnoll shaman (13 damage)
             ... on level 4 of the Dungeon.
             The game lasted 00:05:53 (3696 turns).

Stomo444 the Skirmisher (Vine Stalker Monk)         Turns: 3696, Time: 00:05:54

Health: -12/30     AC:  2    Str: 14    XL:     5   Next: 25%
Magic:  0/6        EV: 14    Int: 10    God:    Ashenzari [*.....]
Gold:   140        SH:  0    Dex: 17    Spells: 4/4 levels left

rFire    . . .     SeeInvis .   a - +0 mace "Desperation of the Sky" {Self, Bglg} (curse)
rCold    . . .     Faith    .   (no shield)
rNeg     . . .     Spirit   +   b - +0 robe "Share My Gloom" {Comp, Cun} (curse)
rPois    .         Reflect  .   (no helmet)
rElec    .         Harm     .   (no cloak)
rCorr    .         Rampage  .   (no gloves)
Will     .....                  (no boots)
Stlth    ++........             (no amulet)
HPRegen  1.10/turn              (no ring)
MPRegen  0.10/turn              (no ring)

@: hasted, very quick
A: fangs 2, regeneration 1, magic shield, antimagic bite, no potion heal 2
a: Renounce Religion, Curse Item, Shatter the Chains


You were on level 4 of the Dungeon.
You worshipped Ashenzari.
Ashenzari was aware of your devotion.
You visited 1 branch of the dungeon, and saw 4 of its levels.

You collected 140 gold pieces.

Inventory:

Hand Weapons
 a - the cursed +0 mace "Desperation of the Sky" (weapon) {Self, Bglg}

   It has a curse which improves the following skills: Introspection: Fighting
   and Spellcasting.
   Beguiling: Conjurations, Hexes and Translocations.
 j - a +0 flail
 k - a +0 whip
Armour
 b - the cursed +0 robe "Share My Gloom" (worn) {Comp, Cun}

   It has a curse which improves the following skills: Companions: Summonings
   and Necromancy.
   Cunning:   Dodging and Stealth.
Scrolls
 d - a scroll of brand weapon
 g - a scroll of teleportation
 h - a scroll of amnesia
 l - a scroll of fog
Potions
 c - 2 potions of lignification
 e - a potion of haste
 f - a potion of brilliance
 i - a potion of cancellation


   Skills:
 + Level 3.7(4.7) Fighting
 + Level 3.6 Maces & Flails
 + Level 3.3(4.3) Dodging
 - Level 2.4(3.2) Stealth


You had 4 spell levels left.
You didn't know any spells.
Your spell library contained the following spells:

 Spells                   Type           Power      Damage    Failure   Level
 Corpse Rot               Necr/Air       N/A        N/A       50%         2
 Dispel Undead            Necr           0%         3d6       98%         4
 Death Channel            Necr           0%         N/A       100%        6


Dungeon Overview and Level Annotations

Branches:
Dungeon (4/15)
 Temple: D:4-7

Altars:
Ashenzari
Xom


Innate Abilities, Weirdness & Mutations

You have extremely sharp teeth.
Your natural rate of healing is unusually fast.
When hurt, damage is shared between your health and your magic reserves.
Your bite disrupts and absorbs the magic of your enemies.
Potions cannot restore your health.


Message History

You feel sick. The adder bites you but does no damage.
The gnoll shaman misses you.
You hit the adder but do no damage. Your bite misses the adder.
The adder is severely wounded.
The adder closely misses you. The gnoll shaman closely misses you.
You miss the adder. You bite the adder.
You kill the adder!
You feel sick.
You closely miss the gnoll shaman. You bite the gnoll shaman.
You drain its power.
The gnoll shaman is moderately wounded.
You feel sick.
The gnoll shaman hits you with a +0 whip.
The gnoll hits you with a +0 whip!
The gnoll hits you from afar with a +1 halberd of freezing.
The gnoll freezes you.
You hit the gnoll shaman.
You bite the gnoll shaman, but do no damage.
The gnoll shaman is heavily wounded.
You feel sick.
The gnoll shaman hits you with a +0 whip!
* * * LOW HITPOINT WARNING * * *
The gnoll closely misses you.
You barely miss the gnoll shaman.
You bite the gnoll shaman, but do no damage.
The gnoll shaman is heavily wounded.
The gnoll barely misses you. The gnoll shaman closely misses you.
The gnoll barely misses you.
Unknown command.
You hit the gnoll shaman but do no damage.
Your bite misses the gnoll shaman.
The gnoll shaman is heavily wounded.
You feel sick.
You are no longer poisoned.
The gnoll hits you from afar with a +1 halberd of freezing!
* * * LOW HITPOINT WARNING * * *
The gnoll freezes you.
* * * LOW HITPOINT WARNING * * *
The gnoll shaman hits you with a +0 whip!
You die...

#.#S.....#..#####
###.##g...###.##
.......gg## ##.#
#######S#.###.##
##.##.#.##
##.g.##.## .
#.......#
....#######g...####
.......g@ggg..##
...############


You could see a gnoll shaman and 4 gnolls.

Vanquished Creatures
  5 gnolls
  2 adders
  A dart slug (D:3)
  10 orcs (D:3)
  5 bats
  9 endoplasms
  4 giant cockroaches
  3 goblins
  4 hobgoblins
  5 quokkas
  4 ball pythons
  5 kobolds
  6 rats
63 creatures vanquished.

Notes
Turn   | Place    | Note
-------+----------+-------------------------------------------
     0 | D:1      | Stomo444 the Vine Stalker Monk began the quest for the Orb.
     0 | D:1      | Reached XP level 1. HP: 11/11 MP: 2/2
   125 | D:1      | Reached XP level 2. HP: 11/16 MP: 1/3
   425 | D:1      | Found a faded altar of an unknown god.
   478 | D:1      | Became a worshipper of Ashenzari the Shackled
  1580 | D:2      | Reached XP level 3. HP: 20/20 MP: 4/4
  2697 | D:3      | Reached * piety under Ashenzari
  2767 | D:3      | Found a shimmering altar of Xom.
  3031 | D:3      | Gained mutation: Your natural rate of healing is unusually
                  | fast. [Vine Stalker growth]
  3031 | D:3      | Reached XP level 4. HP: 12/25 MP: 5/5
  3339 | D:3      | Reached XP level 5. HP: 18/30 MP: 4/6
  3696 | D:4      | HP: 1/30 [gnoll (3)]
  3696 | D:4      | Mangled by a gnoll shaman

Illustrated notes

Levels and vault maps discovered:
D:1:      erik_arrival_orb_chamber, layout_basic,
          dilly_ecumenical_altar_fadedgnrine, dk_noncrumbling_4
D:2:      layout_basic
D:3:      layout_loops_corners, mainiacjoe_overflow_alcove_2
D:4:      layout_loops_ring, led_sif_pool, lemuel_flame_loot_1, uniq_ijyb,
          uniq_sigmund

Skill      XL: |  1  2  3 |
---------------+----------+-----
Fighting       | 3 |  3.7
Maces & Flails | 3 |  3.6
Dodging        | 3 |  3.3
Stealth        | |  2.4

Action                   |  1- 3 |  4- 6 || total
-------------------------+-------+-------++-------
Melee: Mace              |   130 |    78 ||   208
       Bite              |    33 |    27 ||    60
Invok: Curse Item        |     2 |       ||     2
  Use: Potion            |       |     1 ||     1
 Stab: Sleeping          |     9 |     1 ||    10
Armor: Robe              |    23 |     6 ||    29
Dodge: Dodged            |    89 |    59 ||   148
